 Dungeon Crawl Stone Soup version 0.30.1-3-gfc49f6343a (webtiles) character file.

Game seed: 10707724564112976281

12663 croobank the Frost Mage (level 11, -1/74 HPs)
             Began as an Octopode Delver on July 27, 2023.
             Was an Initiate of Gozag.
             Slain by a six-headed hydra (13 damage)
             ... on level 10 of the Dungeon on July 28, 2023.
             The game lasted 01:22:24 (13228 turns).

croobank the Frost Mage (Octopode Delver)          Turns: 13228, Time: 01:22:24

Health: -1/74      AC:  1    Str: 17    XL:     11   Next: 96%
Magic:  16/19      EV: 25    Int: 19    God:    Gozag
Gold:   1056       SH:  0    Dex: 14    Spells: 9/21 levels left

rFire   + . .        a - +1 quick blade (freeze)
rCold   . . .        (no shield)
rNeg    . . .        (helmet restricted)
rPois   +            (no amulet)
rElec   +            l - ring of see invisible
rCorr   .            m - ring of flight
SInv    +            r - ring of poison resistance
Will    .....        x - ring of protection from cold
Stlth   ++++++       D - +5 ring of evasion
HPRegen 0.32/turn    E - +5 ring of evasion
MPRegen 0.16/turn    J - ring "Angemu" {Fire rElec rPois Str+5 Int+3}
                     (no ring)

%: no passive effects
@: freezing walls, flying
A: almost no armour, amphibious, 8 rings, camouflage 1, gelatinous body 1,
(nimble swimmer 1), tentacles
a: Renounce Religion, Potion Petition, Call Merchant, Bribe Branch


You were on level 10 of the Dungeon.
You worshipped Gozag.
Gozag was most pleased with you.
You visited 2 branches of the dungeon, and saw 11 of its levels.
You also visited: Ossuary.

You collected 1957 gold pieces.
You paid 901 gold pieces to Gozag.

Inventory:

Hand Weapons
 a - a +1 quick blade of freezing (weapon)
 j - a +4 hand axe
 u - a +0 sling
 B - the +4 whip "Orb Guardian's Bane" {heavy, *Corrode rF+++ MP-9 Stlth+}
   (You found it on level 8 of the Dungeon)

   rF:        It renders you almost immune to fire.
   MP:        It affects your magic capacity (-9).
   *Corrode:  It may corrode you when you take damage.
   Stlth:     It makes you more stealthy.
 N - a +4 short sword
 O - the +16 obsidian axe {drain, demonic, Mesm Drain Fly SInv}
   (You found it on level 9 of the Dungeon)

   Mesm:      Its wielder is mesmerised by any visible foes, and it cannot be
   unequipped while any foes are visible.
   SInv:      It lets you see invisible.
   Fly:       It grants you flight.
   Drain:     It drains your maximum health when unequipped.
Missiles
 o - 5 curare-tipped darts (quivered)
 p - 4 javelins
 w - 28 poisoned darts
 Q - 2 throwing nets
Magical Staves
 A - a staff of conjuration
 I - the staff of air "Midoraol" {Drain rElec rF+ Str+3}
   (You found it on level 8 of the Dungeon)

   [staff of air]

   Base accuracy: +5 Base damage: 5 Base attack delay: 1.2 This weapon's minimum
   attack delay (0.6) is reached at skill level 12.
   Str:       It affects your strength (+3).
   rF:        It protects you from fire.
   rElec:     It insulates you from electricity.
   Drain:     It drains your maximum health when unequipped.
   It falls into the 'Staves' category.
   It is a one-tentacled weapon.
Jewellery
 l - a ring of see invisible (left tentacle)
 m - a ring of flight (right tentacle)
 r - a ring of poison resistance (on tentacle)
 x - a ring of protection from cold (on tentacle)
 D - a +5 ring of evasion (on tentacle)
 E - a +5 ring of evasion (on tentacle)
 J - the ring "Angemu" (on tentacle) {Fire rElec rPois Str+5 Int+3}
   (You found it on level 8 of the Dungeon)

   [ring of fire]

   It enhances your fire magic.
   Str:       It affects your strength (+5).
   Int:       It affects your intelligence (+3).
   rF:        It protects you from fire.
   rC:        It makes you vulnerable to cold.
   rElec:     It insulates you from electricity.
   rPois:     It protects you from poison.
 K - a ring of positive energy
Wands
 f - a wand of digging (3)
 q - a wand of polymorph (8)
 t - a wand of mindburst (27)
 v - a wand of iceblast (8)
 R - a wand of charming (3)
Scrolls
 b - 5 scrolls of fog
 c - 4 scrolls of magic mapping
 d - 2 scrolls of vulnerability
 g - 2 scrolls of amnesia
 h - 4 scrolls of teleportation
 y - a scroll of summoning
 G - 2 scrolls of brand weapon
 L - 3 scrolls of poison
 S - 3 scrolls of identify
Potions
 e - 2 potions of haste
 i - a potion of flight
 k - 3 potions of lignification
 n - 5 potions of might
 s - 2 potions of cancellation
 z - 3 potions of mutation
 C - 2 potions of attraction
 F - 4 potions of curing
 M - a potion of resistance
 P - a potion of brilliance {unknown}
Miscellaneous
 H - a piece from Xom's chessboard (15/15)
 T - a condenser vane (inert)


   Skills:
 + Level 6.7 Fighting
 - Level 6.2 Short Blades
 - Level 6.2 Dodging
 - Level 10.9 Stealth
 + Level 5.5 Spellcasting
 + Level 2.5 Conjurations
 + Level 5.9 Fire Magic
 - Level 11.4 Ice Magic


You had 9 spell levels left.
You knew the following spells:

 Your Spells              Type           Power      Damage    Failure   Level
a - Scorch                Fire           84%        2d9       1%          2
b - Flame Wave            Conj/Fire      32%        2d9       21%         4
c - Frozen Ramparts       Ice            96%        1d15      1%          3
d - Hailstorm             Conj/Ice       31%        3d8       1%          3

Your spell library contained the following spells:

 Spells                   Type           Power      Damage    Failure   Level
 Freeze                   Ice            100%       1d10      1%          1
 Volatile Blastmotes      Fire/Tloc      48%        2d14      11%         3
 Dazzling Flash           Conj/Hex       20%        N/A       22%         3
 Fireball                 Conj/Fire      16%        3d8       50%         5
 Iskenderun's Mystic Bla  Conj/Tloc      10%        2d4       56%         4
 Iskenderun's Battlesphe  Conj           14%        2d7       75%         5
 Starburst                Conj/Fire      16%        6d6       97%         6
 Conjure Ball Lightning   Conj/Air       5%         3x3d6     100%        6
 Summon Cactus Giant      Summ           2%         N/A       100%        6
 Orb of Destruction       Conj           7%         9d6       100%        7


Dungeon Overview and Level Annotations

Branches:
Dungeon (10/15)            Temple (1/1) D:6            Lair (0/5) D:8
    Orc (0/2) D:9         Ossuary (visited)

Altars:
Ashenzari
Cheibriados
Dithmenos
Elyvilon
Fedhas
Gozag
Hepliaklqana
Kikubaaqudgha
Makhleb
Nemelex Xobeh
Okawaru
Qazlal
Ru
Sif Muna
Trog
Uskayaw
Vehumet
Wu Jian
Xom
Yredelemnul
Zin
The Shining One

Shops:
D:4 *   D:8 !(

Annotations:
D:8 3 runed translucent doors, Waters's ghost, novice GnWn


Innate Abilities, Weirdness & Mutations

You cannot wear most types of armour.
You are amphibious.
You can wear up to eight rings at the same time.
Your skin changes colour to match your surroundings (Stealth+).
Your rubbery body absorbs attacks. (AC +1, EV +1)
((You are camouflaged when in or above water. (Stealth+)))
You have tentacles for arms and can constrict up to eight enemies at once.


Message History

Okay, then.
Cast which spell? (? or * to list)
Casting: Frozen Ramparts (safe; 1% risk of failure)
Press: ? - help, Dir - look around, f - activate The walls around you are covered in ice.
The wall freezes the stone giant.
The stone giant hits you.
The wall freezes the six-headed hydra!
The six-headed hydra seems to slow down.
Throw: 6 darts (curare)
Press: ? - help, Q - select action, (/) - cycle Shift-Dir - straight line, f - stone giant
Aim: a stone giant, quivering large rocks (lightly wounded, 90% to hit)
You throw a curare-tipped dart.
The curare-tipped dart hits the stone giant.
The stone giant is poisoned.
The stone giant convulses.
The stone giant seems to slow down.
The stone giant is lightly wounded.
The wall freezes the stone giant!!
The stone giant barely misses you.
You hit the stone giant but do no damage.
The stone giant is moderately wounded.
The six-headed hydra closely misses you.
The six-headed hydra misses you. The six-headed hydra bites you!
The six-headed hydra completely misses you.
The six-headed hydra bites you! x2
You hit the six-headed hydra. You freeze the six-headed hydra.
You squeeze the six-headed hydra!
The six-headed hydra is moderately wounded.
Okay, then.
Okay, then.
Okay, then.
As you read the scroll of summoning, it crumbles to dust.
Wisps of shadow whirl around you...
The wall freezes the stone giant but does no damage.
The stone giant hits you!!
* * * LOW HITPOINT WARNING * * *
The six-headed hydra completely misses you.
The six-headed hydra misses you. The six-headed hydra bites you.
* * * LOW HITPOINT WARNING * * *
The six-headed hydra bites you!
You die...
Your body crumbles into a pile of gold.

####### #### ##.'o.o#
#####..# #.)#W$o# .......#
#..#@(.# .......# #..#CDc#
.......######..#oc$#
...............#$......D#
...............#........#
...............#...(.!..#
#.###..........###########
..# #..###'##............#
### #..#....#............#


You could see a stone giant (very poisoned, slow, ally target), a six-headed
hydra (slow, ally target), a friendly orc warrior (summoned), a friendly shadow
(summoned), 2 friendly centaurs and 3 friendly orcs.

Vanquished Creatures
  A two-headed ogre (D:9)
  An orc knight (D:10)
  An ugly thing (D:8)
  A cyclops (D:8)
  A gargoyle (D:8)
  2 vampires (D:10)
  A shadow (D:10)
  2 wyverns
  17 yaks
  Grum (D:10)
  2 steam dragons
  4 water moccasins
  4 ice beasts
  4 orc warriors
  4 black bears
  A wolf (D:10)
  2 sky beasts
  2 centaurs (D:9)
  2 ogres
  A kobold brigand (D:9)
  4 bullfrogs
  A gnoll sergeant (D:4)
  2 scorpions
  21 wights
  2 electric eels (D:10)
  3 howler monkeys
  4 centaur zombies (Ossuary)
  5 orc priests
  A jelly (D:6)
  A sleepcap (D:6)
  5 hounds
  3 iguanas
  Jessica (D:2)
  2 gnoll boudas
  10 orc wizards
  6 mummies
  11 gnolls
  4 adders
  A shadow imp (D:6)
  5 white imps
  A worm (D:2)
  A dart slug (D:3)
  35 orcs
  2 bats
  4 endoplasms
  5 giant cockroaches
  6 goblins
  5 hobgoblins
  A quokka (D:3)
  9 ball pythons
  2 frilled lizards
  4 hobgoblin zombies (Ossuary)
  6 kobolds
  A quokka zombie (D:7)
  5 rats
  A rat zombie (D:7)
234 creatures vanquished.

Vanquished Creatures (collateral kills)
  Harold (D:9)
  An orc knight (D:10)
  A cyclops (D:10)
  A basilisk (D:10)
  2 wolves (D:10)
  A kobold brigand (D:9)
  6 kobolds (D:9)
13 creatures vanquished.

Vanquished Creatures (others)
  An ugly thing (D:10)
1 creature vanquished.

Grand Total: 248 creatures vanquished

Notes
Turn   | Place    | Note
-------+----------+-------------------------------------------
     0 | D:5      | croobank the Octopode Delver began the quest for the Orb.
     0 | D:5      | Reached XP level 1. HP: 16/16 MP: 1/1
     1 | D:6      | Noticed an orc priest
     1 | D:6      | Noticed a hound
     1 | D:6      | Found a staircase to the Ecumenical Temple.
     2 | D:6      | Killed a hound
     3 | D:6      | Reached XP level 2. HP: 21/21 MP: 2/2
     3 | D:6      | Reached XP level 3. HP: 26/26 MP: 3/3
    24 | D:4      | Reached XP level 4. HP: 27/31 MP: 4/4
  1368 | D:2      | Found a glowing golden altar of the Shining One.
  1468 | D:2      | Found a faded altar of an unknown god.
  1532 | D:2      | Noticed Jessica
  1536 | D:2      | Reached XP level 5. HP: 37/37 MP: 5/5
  1541 | D:2      | Killed Jessica
  2424 | D:3      | Found a snail-covered altar of Cheibriados.
  2756 | D:4      | Found Hinure's Fire Supplies.
  2801 | D:4      | Noticed a black bear
  2814 | D:4      | Killed a black bear
  2815 | D:4      | Reached XP level 6. HP: 33/43 MP: 6/6
  3373 | D:4      | Reached XP level 7. HP: 21/49 MP: 7/7
  5107 | D:6      | Found a bloodstained altar of Trog.
  5109 | Temple   | Entered the Ecumenical Temple
  5119 | Temple   | Became a worshipper of Gozag Ym Sagoz the Greedy
  5307 | D:6      | Reached skill level 1 in Fire Magic
  5319 | D:6      | Reached skill level 5 in Fighting
  5319 | D:6      | Reached skill level 1 in Spellcasting
  5319 | D:6      | Reached XP level 8. HP: 55/55 MP: 8/10
  5777 | D:6      | Reached skill level 5 in Dodging
  5805 | D:6      | Reached skill level 5 in Short Blades
  6075 | D:6      | Reached XP level 9. HP: 52/61 MP: 12/14
  6388 | D:6      | Found an ornate altar of the Wu Jian Council.
  6389 | D:6      | Found a shimmering altar of Xom.
  6396 | D:6      | Found a glowing golden altar of the Shining One.
  6399 | D:6      | Found a hide-covered altar of Uskayaw.
  6404 | D:6      | Found a radiant altar of Vehumet.
  6404 | D:6      | Found a stormy altar of Qazlal.
  6405 | D:6      | Found a glowing silver altar of Zin.
  6407 | D:6      | Found a burning altar of Makhleb.
  6411 | D:6      | Found a blossoming altar of Fedhas.
  6542 | D:7      | Found a sand-covered staircase.
  6567 | Ossuary  | Entered an ossuary
  6998 | D:7      | Reached skill level 10 in Stealth
  7465 | D:7      | Reached skill level 5 in Fire Magic
  7720 | D:7      | Reached skill level 5 in Spellcasting
  7946 | D:7      | Reached XP level 10. HP: 65/67 MP: 17/17
  8152 | D:8      | Learned a level 2 spell: Scorch
  8192 | D:8      | Noticed a green ugly thing
  8193 | D:8      | Noticed a cyclops
  8221 | D:8      | Killed a green ugly thing
  8222 | D:8      | Reached skill level 1 in Conjurations
  8228 | D:8      | Killed a cyclops
  8231 | D:8      | Identified the +4 whip "Orb Guardian's Bane" {heavy,
                  | *Corrode rF+++ MP-9 Stlth+}
  8235 | D:8      | Identified the staff of air "Midoraol" {Drain rElec rF+
                  | Str+3}
  8327 | D:8      | Identified the ring "Angemu" {Fire rElec rPois Str+5 Int+3}
  8497 | D:8      | Found a staircase to the Lair.
  8895 | D:8      | Learned a level 4 spell: Flame Wave
  8899 | D:8      | Learned a level 3 spell: Frozen Ramparts
  8928 | D:7      | Reached skill level 1 in Ice Magic
  9285 | D:7      | Reached skill level 2 in Ice Magic
  9308 | D:7      | Reached skill level 3 in Ice Magic
  9458 | D:7      | Reached skill level 4 in Ice Magic
 10124 | D:8      | Found a sacrificial altar of Ru.
 10170 | D:8      | Reached skill level 5 in Ice Magic
 10256 | D:8      | Found an ancient bone altar of Kikubaaqudgha.
 10351 | D:8      | Found Kamoz's Distillery.
 10359 | D:8      | Found Diph's Weapon Emporium.
 10386 | D:8      | Noticed a gargoyle
 10390 | D:8      | Killed a gargoyle
 10391 | D:8      | Reached skill level 6 in Ice Magic
 10474 | D:8      | Reached XP level 11. HP: 74/74 MP: 19/19
 10488 | D:8      | Found a runed translucent gate.
 10488 | D:8      | Found a runed translucent gate.
 10488 | D:8      | Found a runed translucent gate.
 10489 | D:8      | Noticed Waters's ghost (novice GnWn)
 10714 | D:9      | Reached skill level 7 in Ice Magic
 10826 | D:9      | Noticed a two-headed ogre
 10860 | D:9      | Killed a two-headed ogre
 10861 | D:9      | Reached skill level 8 in Ice Magic
 11167 | D:9      | Found a staircase to the Orcish Mines.
 11333 | D:9      | Found the +16 obsidian axe {drain, demonic, Mesm Drain Fly
                  | SInv}
 11375 | D:9      | Noticed Harold
 11388 | D:9      | Killed Harold
 11389 | D:9      | Reached skill level 9 in Ice Magic
 11769 | D:10     | Entered Level 10 of the Dungeon
 12643 | D:10     | Reached skill level 10 in Ice Magic
 13043 | D:10     | Noticed a brown ugly thing
 13043 | D:10     | Noticed a cyclops
 13043 | D:10     | Noticed an orc knight
 13043 | D:10     | Noticed an orc knight
 13043 | D:10     | Noticed Grum
 13050 | D:10     | Killed a cyclops
 13073 | D:10     | Killed an orc knight
 13074 | D:10     | Reached skill level 11 in Ice Magic
 13101 | D:10     | Killed an orc knight
 13119 | D:10     | Killed Grum
 13120 | D:10     | Noticed a six-headed hydra
 13220 | D:10     | Learned a level 3 spell: Hailstorm
 13220 | D:10     | Noticed a stone giant
 13228 | D:10     | Slain by a six-headed hydra

Illustrated notes

Levels and vault maps discovered:
D:1:      amcnicky_arrival_choice, layout_rooms, corner_web_ring,
          roderic_lattice_a
D:2:      layout_basic, basic_altar, ebering_ecumenical_altar_abandoned,
          uniq_jessica
D:3:      layout_basic, slow_altar_2, serial_forest, infiniplex_forest_end_3,
          infiniplex_forest_clump_C, infiniplex_forest_fountain,
          infiniplex_forest_lined_room_2, infiniplex_forest_straight_4,
          infiniplex_forest_clump_diagonal, infiniplex_forest_straight_4,
          corexii_item_surrounded_by_moat
D:4:      layout_gridville, nicolae_shop_fire_sale [nicolae_sub_dead_trees],
          abandoned_shop
D:5:      layout_layer_cave, bh_walls_and_bars
D:6:      layout_loops_ring, mainiacjoe_overflow_alcove_4,
          nicolae_overflow_hallway_of_the_gods, minmay_temple_entry_proselytizer
D:7:      layout_loops_corners, enter_ossuary_4
D:8:      minmay_the_grid_plus [minmay_the_grid_minigrid_small_alt,
          minmay_the_grid_odd_star, minmay_the_grid_slots,
          minmay_the_grid_zigzag_pyramid, minmay_the_grid_prize_diamond_cup],
          layout_basic, overflow_temple_1_default, mainiacjoe_overflow_alcove_1,
          lair_entry_dummy, serial_shops, shop, nicolae_take_the_stairs,
          ebering_ghost_rock_garden
D:9:      layout_loops_ring, orc_0_dummy, dreamdust_deal_with_the_devil,
          uniq_harold
D:10:     minmay_shrinking_squares, layout_irregular_city,
          serial_co_window_serial, co_window_corner_a, co_window_corner_a,
          co_window_of_opportunity_a, co_window_paths_a, co_window_corner_a,
          co_window_paths_a, co_window_of_opportunity_b,
          co_window_of_opportunity_b, co_window_2corner,
          co_window_unsneaky_path_a, co_window_corner_b, glass_columns_a,
          glass_columns_a, glass_columns_a, serial_bayou_ford_a, uniq_grum
Temple:   hellmonk_temple_forest_ring

Skill      XL: |  1  2  3  4  5  6  7  8  9 10 11 |
---------------+----------------------------------+-----
Stealth        | 7 8 9 10 | 10.9
Dodging        | 3 4 5 6 |  6.2
Short Blades   | 3 4 5 6 |  6.2
Fighting       | 4 5 6 |  6.7
Fire Magic     | 1 3 5 |  5.9
Spellcasting   | 1 3 5 |  5.5
Conjurations   | 2 |  2.5
Ice Magic      | 6 11 | 11.4

Action                     |  1- 3 |  4- 6 |  7- 9 | 10-12 || total
---------------------------+-------+-------+-------+-------++-------
  Melee: Short sword       |     5 |    74 |       |       ||    79
         Tentacles         |     4 |    22 |   120 |   170 ||   316
         Constrict         |     2 |    22 |    50 |    52 ||   126
         Punch             |       |     2 |     5 |    18 ||    25
         Quick blade       |       |    48 |   368 |   498 ||   914
         Unarmed           |       |     7 |     3 |       ||    10
         Whip              |       |       |       |    22 ||    22
  Throw: Dart              |       |     3 |     2 |     7 ||    12
   Cast: Frozen Ramparts   |       |       |       |     1 ||     1
 Invoke: Potion Petition   |       |       |       |     3 ||     3
  Evoke: Wand              |       |       |       |     2 ||     2
         Condenser vane    |       |       |       |     1 ||     1
    Use: Scroll            |       |    12 |     5 |     7 ||    24
         Potion            |       |     4 |     1 |     3 ||     8
   Stab: Sleeping          |     1 |    28 |    20 |    14 ||    63
         Distracted        |       |       |     1 |     4 ||     5
 Armour: Skin              |       |     3 |     9 |     6 ||    18
  Dodge: Dodged            |     3 |    56 |   176 |   269 ||   504
